 Dungeon Crawl Stone Soup version 0.31-a0-845-g9abc20d24f (webtiles) character file.

Game seed: 14964756144141806044

64 Gargoyl the Trooper (level 4, -2/43 HPs)
             Began as a Gargoyle Berserker on Oct 3, 2023.
             Was a Believer of Trog.
             Slain by Sigmund
             ... wielding a +0 scythe
              (7 damage)
             ... on level 2 of the Dungeon.
             The game lasted 00:02:31 (1315 turns).

Gargoyl the Trooper (Gargoyle Berserker)            Turns: 1315, Time: 00:02:31

Health: -2/43      AC: 22    Str: 21    XL:     4   Next: 12%
Magic:  4/4        EV:  2    Int:  7    God:    Trog [**....]
Gold:   63         SH:  0    Dex: 11    Spells: 3/3 levels left

rFire   . . .        a - +0 hand axe
rCold   . . .        (no shield)
rNeg    + . .        e - melded +1 scale mail
rPois   ∞            (helmet currently unavailable)
rElec   .            (cloak currently unavailable)
rCorr   .            (gloves currently unavailable)
SInv    .            (boots currently unavailable)
Will    ++...        (no amulet)
Stlth   +            (no ring)
HPRegen 1.27/turn    (no ring)
MPRegen 0.09/turn

%: no passive effects
@: brilliant, tree-form, strong-willed, regenerating, hasted, very quick
A: stationary, stasis, torment immunity, boosted hp, sickness immunity, AC +3,
negative energy resistance 1, (electricity resistance), torment resistance 1,
petrification resistance
a: Renounce Religion, Berserk, Trog's Hand


You were on level 2 of the Dungeon.
You worshipped Trog.
Trog was pleased with you.
You were a tree.
You visited 1 branch of the dungeon, and saw 2 of its levels.

You collected 63 gold pieces.

Inventory:

Hand Weapons
 a - a +0 hand axe (weapon)
Armour
 e - a +1 scale mail (melded)
Jewellery
 b - a +5 ring of evasion
 i - a +5 ring of evasion
 j - a ring of ice
Scrolls
 g - 3 scrolls of identify


   Skills:
 + Level 4.0 Fighting
 + Level 3.2 Axes
 + Level 2.7 Armour
 + Level 2.2 Dodging


You had 3 spell levels left.
You didn't know any spells.
Your spell library was empty.

Dungeon Overview and Level Annotations

Branches:
Dungeon (2/15)

Altars:

Shops:
D:1 (

Annotations:
D:2 Sigmund


Innate Abilities, Weirdness & Mutations

You are a tree.
Your roots penetrate the ground, keeping you stationary.
You cannot be teleported.
You are immune to unholy pain and torment.
Your maximum health is greatly increased.
Your equipment is partially melded.
You are immune to sickness and miasma.
((Your stone body is resilient. (AC +3)))
You are immune to poison.
You resist negative energy. (rN+)
((You are resistant to electric shocks. (rElec)))
You are resistant to unholy torment.
You are immune to petrification.


Message History

Something hits you but does no damage.
Unknown command.
You barely miss the quokka.
The quokka bites you but does no damage. x2
Something hits you but does no damage.
Unknown command.
You closely miss the quokka.
The quokka bites you but does no damage.
Something hits you.
* * * LOW HITPOINT WARNING * * *
Unknown command.
You hit the quokka.
You kill the quokka!
Trog accepts your kill.
You feel yourself speed up.
Unknown command.
You aren't carrying any potions.
As you read the scroll labelled CIECKO VEUR, it crumbles to dust.
It is a scroll of enchant armour.
Your +0 scale mail glows green for a moment.
Something hits you but does no damage.
As you read the scroll labelled VIQUS XAOXTYR, it crumbles to dust.
It is a scroll of identify.
You don't currently have any unidentified items.
You aren't carrying any potions.
You swing at nothing.
Something hits you but does no damage.
You swing at nothing.
You swing at nothing.
Something hits you.
* * * LOW HITPOINT WARNING * * *
You swing at nothing.
You swing at nothing.
Sigmund appears from thin air!
Reactivating autopickup.
Sigmund gestures at you while chanting. The puff of flame hits you.
* * * LOW HITPOINT WARNING * * *
You swing at nothing.
You recover from your berserk rage.
Sigmund hits you from afar with a +0 scythe!
You die...
Sigmund begins carving another notch in his scythe.

,,*,,,..#.#.......# #......
,,,,,**#...###)...### #......
,,,,*,,,*,#...#.....# #......
,,***,,,*,#...###...# ####...
,*,,*,,,*,#...#..#.## #...
,*,,,**#...###...#.### #...
,*,,,,,#...#.....#...# #...
,,***,..###.(.###)@..# *,,,
,*,,,#.......#..♣#.#.# **,,
,*,,,#*#...###.).#rg.* *****,,
,*,,,*,.#.#,,#...#.#.#* *,,,,,,
,,***,,,#[*,..###.....#****,,,,,,
,,*,,,,,#,#...,,*.......,,*,,,,,,
**,,,***,..##*,,,###r....,*,,,,,,
,,,,*,,,#.*,,,*,,,,,.....,,,*****
,,***,,,#,*,,,***,,,,,.,,,***
,*,,*,,,*,*,,,*,,*,,,,*>,**


You could see Sigmund.

Vanquished Creatures
  An adder (D:2)
  A dart slug (D:1)
  4 ball pythons
  6 bats
  2 endoplasms
  3 giant cockroaches (D:1)
  11 goblins
  A hobgoblin (D:2)
  4 jackals (D:1)
  3 quokkas
  2 frilled lizards (D:2)
  2 kobolds (D:1)
  5 rats (D:1)
45 creatures vanquished.

Notes
Turn   | Place    | Note
-------+----------+-------------------------------------------
     0 | D:1      | Gargoyl the Gargoyle Berserker began the quest for the Orb.
     0 | D:1      | Reached XP level 1. HP: 14/14 MP: 1/1
    76 | D:1      | Reached XP level 2. HP: 18/19 MP: 2/2
   142 | D:1      | Reached XP level 3. HP: 10/24 MP: 3/3
   305 | D:1      | Found Sois Poe's Weapon Emporium.
  1148 | D:2      | Reached ** piety under Trog
  1154 | D:2      | Reached skill level 4 in Fighting
  1157 | D:2      | Reached XP level 4. HP: 19/29 MP: 4/4
  1276 | D:2      | Noticed Sigmund
  1315 | D:2      | Slain by Sigmund

Illustrated notes

Levels and vault maps discovered:
D:1:      spicycebolla_arrival_ecumenical, layout_basic, serial_shops,
          nicolae_shop_tiny_waterfront, st_stairs_8, nrook_mini_vaults
D:2:      layout_basic, chequers_arboretum, nicolae_titane, uniq_sigmund

Skill      XL: |  1  2  3 |
---------------+----------+-----
Axes           | 3 |  3.2
Dodging        | 2 |  2.2
Fighting       | 4 |  4.0
Armour         | |  2.7

Action                     |  1- 3 |  4- 6 || total
---------------------------+-------+-------++-------
  Melee: Hand axe          |    81 |    17 ||    98
         Punch             |     1 |       ||     1
 Invoke: Berserk           |     1 |     1 ||     2
         Trog's Hand       |       |     1 ||     1
    Use: Scroll            |     3 |     2 ||     5
         Potion            |       |     3 ||     3
 Armour: Animal skin       |    47 |       ||    47
         Scale mail        |    36 |     8 ||    44
         Skin              |       |    38 ||    38
  Dodge: Dodged            |    84 |     2 ||    86

Table legend: (Time is in decaauts)
 A = Elapsed time spent in this place.
 B = Non-inter-level travel time spent in this place.
 C = Inter-level travel time spent in this place.
 D = Time resting spent in this place.
 E = Time spent auto-exploring this place.
 F = Levels seen in this place.
 G = Mean time per level.
                   A        B        C        D        E       F      G
               +--------+--------+--------+--------+--------+-----+--------+
         Total |   1341 |   1310 |     31 |      0 |    932 |   2 |  670.5 |
       Dungeon |   1341 |   1310 |     31 |      0 |    932 |   2 |  670.5 |
               +--------+--------+--------+--------+--------+-----+--------+

Top non-repeatable levels by time:
     D:1: 1107 daAuts
     D:2: 233 daAuts
